 Dungeon Crawl Stone Soup version 0.30.0-29-ga12c61a403 (webtiles) character file.

Game seed: 13205288443812519417

46 ChadusMaximus the Caller (level 3, -1/24 HPs)
             Began as a Barachi Summoner on June 22, 2023.
             Slain by a worm (10 damage)
             ... on level 2 of the Dungeon.
             The game lasted 00:01:53 (1859 turns).

ChadusMaximus the Caller (Barachi Summoner)         Turns: 1859, Time: 00:01:53

Health: -1/24      AC:  3    Str:  9    XL:     3   Next: 66%
Magic:  5/7        EV: 12    Int: 17    God:
Gold:   94         SH:  0    Dex: 12    Spells: 6/7 levels left

rFire   . . .        j - +0 short sword
rCold   . . .        (no shield)
rNeg    . . .        a - +0 robe
rPois   +            (no helmet)
rElec   .            k - +0 cloak
rCorr   .            (no gloves)
SInv    .            (no boots)
Will    .....        (no amulet)
Stlth   ++           c - ring of poison resistance
HPRegen 0.24/turn    (no ring)
MPRegen 0.10/turn

%: no passive effects
@: slow
A: amphibious, slowness 1, strong legs 1, +LOS
a: Hop


You were on level 2 of the Dungeon.
You visited 1 branch of the dungeon, and saw 2 of its levels.

You collected 94 gold pieces.

Inventory:

Hand Weapons
 g - a +0 dagger
 j - a +0 short sword (weapon)
Armour
 a - a +0 robe (worn)
 k - a +0 cloak (worn)
Jewellery
 c - a ring of poison resistance (left hand)
Scrolls
 d - a scroll of vulnerability {unknown}
 f - 2 scrolls of identify {unknown}
 i - 2 scrolls of silence {unknown}
 l - a scroll of fog {unknown}
 m - a scroll of torment {unknown}
Potions
 b - a potion of magic
 e - a potion of curing {unknown}
 h - a potion of heal wounds {unknown}
 n - a potion of resistance {unknown}
 o - a potion of mutation {unknown}


   Skills:
 - Level 2.2 Dodging
 - Level 1.8 Stealth
 + Level 2.8 Spellcasting
 * Level 5.9 Summonings


You had 6 spell levels left.
You knew the following spells:

 Your Spells              Type           Power      Damage    Failure   Level
a - Summon Small Mammal   Summ           88%        N/A       1%          1

Your spell library contained the following spells:

 Spells                   Type           Power      Damage    Failure   Level
 Call Imp                 Summ           44%        N/A       2%          2
 Call Canine Familiar     Summ           22%        N/A       4%          3
 Summon Guardian Golem    Hex/Summ       12%        N/A       16%         3
 Lesser Beckoning         Tloc           4%         N/A       26%         2
 Summon Lightning Spire   Summ/Air       12%        N/A       45%         4
 Gell's Gravitas          Tloc           2%         N/A       47%         3
 Teleport Other           Tloc           2%         N/A       47%         3


Dungeon Overview and Level Annotations

Branches:
Dungeon (2/15)

Altars:


Innate Abilities, Weirdness & Mutations

You are amphibious.
You cover ground slowly.
You can hop short distances.
You have an extended range of vision and can be seen from far away.


Message History

A dart slug comes into view.
A dart slug is nearby!
A worm comes into view.
The dart slug launches a dart at you. The slug dart misses you.
There are monsters nearby!
Found 10 gold pieces.
The dart slug launches a dart at you. The slug dart misses you.
You barely miss the worm. The worm bites you but does no damage.
There are monsters nearby!
You hit the worm.
The worm is moderately wounded.
The worm bites you.
There are monsters nearby!
You barely miss the worm.
The worm is moderately wounded.
The dart slug briefly extends its eye-stalks.
Casting: Summon Small Mammal (safe; 1% risk of failure)
Confirm with . or Enter, or press ? or * to list all spells.
The worm closely misses you.
Casting: Summon Small Mammal (safe; 1% risk of failure)
Confirm with . or Enter, or press ? or * to list all spells.
Your quokka bites the dart slug.
The dart slug launches a dart at you. The slug dart hits you.
Unknown command.
You hit the dart slug.
The dart slug is moderately wounded.
Your quokka bites the dart slug.
The worm bites you!
You are too injured to fight recklessly!
You are too injured to fight recklessly!
Unknown command.
You are too injured to fight recklessly!
You hit the dart slug but do no damage.
The dart slug is severely wounded.
Your quokka bites the dart slug.
Your quokka bites the worm.
The dart slug closely misses your quokka.
The worm bites you!
You die...

#.......$.# #.........#
#.........# #.........#
#.........# #.........#
#.........# #.rw......#
#.w@r.....#
####...#########
#...........#
###########.†......)..#
#.........#...........#
#.........#...........#####
#.........'...........'....
######'####.......)...#####
#.#...........#.......


You could see a worm (ally target), a dart slug (distracted) and 2 friendly
quokkas.

Vanquished Creatures
  An adder (D:2)
  4 endoplasms (D:2)
  4 goblins
  A hobgoblin (D:1)
  3 kobolds
  A quokka (D:1)
  2 bats (D:1)
  A frilled lizard (D:2)
  2 rats
19 creatures vanquished.

Vanquished Creatures (collateral kills)
  2 ball pythons (D:1)
  2 endoplasms (D:1)
  3 hobgoblins (D:1)
  2 quokkas
  A bat (D:1)
  A frilled lizard (D:1)
  2 kobolds
  A rat (D:2)
14 creatures vanquished.

Grand Total: 33 creatures vanquished

Notes
Turn   | Place    | Note
-------+----------+-------------------------------------------
     0 | D:1      | ChadusMaximus the Barachi Summoner began the quest for the
                  | Orb.
     0 | D:1      | Reached XP level 1. HP: 13/13 MP: 3/3
   147 | D:1      | Reached skill level 5 in Summonings
   199 | D:1      | Reached XP level 2. HP: 16/19 MP: 1/5
  1072 | D:2      | Reached XP level 3. HP: 16/24 MP: 6/6
  1859 | D:2      | Slain by a worm

Illustrated notes

Levels and vault maps discovered:
D:1:      dpeg_arrival_radiant, layout_basic
D:2:      layout_basic

Skill      XL: |  1 |
---------------+----+-----
Summonings     | 5 |  5.9
Dodging        | |  2.2
Stealth        | |  1.8
Spellcasting   | |  2.8

Action                     || total
---------------------------++-------
  Melee: Unarmed           ||     9
         Punch             ||     2
         Dagger            ||    32
         Short sword       ||    56
   Cast: Summon Small Mamm ||    30
   Stab: Sleeping          ||     2
 Armour: Robe              ||    25
  Dodge: Dodged            ||    72
